Workbook

Sheet Kostenzusammenstellung
A1: Berechnungsbeispiel für einen Shark-Einsatz für einen Hektar | B1: Annahmen für Berechnungsgrundlage | C1: Kosten pro Jahr
A2: Kosten:
A3: Mittelkosten | B3: Herbizid mit Tunnel einseitig | C3: =Mittelkosten!H5 -> 62.5
A4: Wasserkosten | B4: Wasseraufwand | C4: =Mittelkosten!H6 -> 1.92
A5: Arbeitskosten | B5: =B46 -> 20 | C5: =B5*B6*B7 -> 80
A6: Arbeitszeit pro Maßnahme (Stunden) | B6: 2
A7: Anzahl der Behandlungen | B7: 2
A8: Auslastung des Schleppers | B8: 500 h/Jahr | C8: ='Kosten Schlepper'!F19*B6*B7 -> 229
A9: Auslastung des Pflanzenschutzgerätes | B9: 160 h/Jahr | C9: ='Kosten Herbizidbalken'!F18*B6*B7 -> 41.166667
A10: Summe der Kosten des Geräteeinsatzes | C10: =C8+C9 -> 270.16667
A11: Summe der Kosten | C11: =SUM(C3:C9) -> 414.58667
A21: Mittelkosten | B21: =C3 -> 62.5
A22: Wasserkosten | B22: =C4 -> 1.92
A23: Arbeitskosten | B23: =C5 -> 80
A24: Maschinenkosten Schlepper | B24: =C8 -> 229
A25: Maschinenkosten Herbizidbalken | B25: =C9 -> 41.166667
A30: Berechnungsbeispiel für einen Einsatz mit der Stockbürste für einen Hektar | B30: Annahmen für Berechnungsgrundlage | C30: Kosten pro Jahr
A31: Kosten:
A33: Arbeitskosten | B33: 20 | C33: =B33*B34*B35 -> 120
A34: Arbeitszeit pro Maßnahme (Stunden) | B34: 3
A35: Anzahl der Maßnahmen | B35: 2
A36: Auslastung des Schleppers | B36: 500 h/Jahr | C36: ='Kosten Schlepper'!F19*B34*B35 -> 343.5
A37: Auslastung der Stockbürste | B37: 160 h/Jahr | C37: ='Kosten Stockbürste'!F18*B34+B35 -> 32.875
A38: Summe der Kosten des Geräteeinsatzes | C38: =C36+C37 -> 376.375
A39: Summe der Kosten | C39: =SUM(C33:C37) -> 496.375
A42: Vorgaben für die Berechnung | B42: Felder in Matrixen werden automatisch aktualisiert
A44: Arbeitskosten Fachkraft | B44: 25
A45: Arbeitsstunde Aushilfskraft | B45: 14.2
A46: Arbeitslohn Schlepperfahrer | B46: 20
A49: Berechnungsmöglichkeiten
A50: Die orangenen Zellen werden einkopiert. Arbeitsstundenentlohnung unten auf der Seite eingeben. Fix-und Variable Maschinenkosten werden aus den Tabellenblättern Kosten Schlepper und Kosten Geräte einkopiert. In den Matrixen der Geräte können die Kosten für das einzelne Verfahren individuell berechnet werden.
A56: Grüne Zellen: Eingabe der eigenen Arbeitszeit
A57: Blaue Zellen: Aus Maschinenkosten einkopiert

Sheet Mittelkosten
A1: Vorgesehene Behandlungen | B1: Empfohlener Wasseraufwand in Liter pro Hektar | C1: Aufwand | D1: Preis pro Liter | H1: Mittelkosten pro Hektar
A3: 1. Shark Behandlung | B3: 300 | C3: 0.5 | E3: 62.5 | H3: =E3*C3 -> 31.25
A4: 2. Shark Behandlung | B4: 300 | C4: 0.5 | E4: 62.5 | H4: =E4*C4 -> 31.25
A5: Summe der Mittelkosten | H5: =SUM(H2:H4) -> 62.5
A6: Wasserverbrauch/ha | B6: =SUM(B3:B5) -> 600 | C6: 3.2 | H6: =C6/1000*B6 -> 1.92
A8: Quelle: Ermittelte Durchschnittspreise incl MwSt. ohne Rabatte für das Jahr2023 Rebschutzaufruf Landratsamt Karlsruhe

Sheet Schlagkraft der Geräte
A2: Reine Fahrtzeit in abhängigkeit des Gerätetypes
A3: 2 m Zeilenbreite
A4: Reihenlänge 100 m
A5: 6,50 m Vorgewende
B6: Arbeitszeit pro Hektar
B7: 1 Durchgang eine Zeile | C7: 6 Stunden
B8: Beidseitig angebaut 1 Durchgang zwei Zeilen | C8: 2 Stunden
B9: Einseitig angebaut 1 Durchgang eine Zeile | C9: 3,5 Stunden

Sheet Kosten Schlepper
B1: Berechnung | C1: Kosten pro Jahr | D1: Kosten pro Stunde | E1: Fixe Kosten pro Stunde bei 200 Arbeitsstunden pro Jahr | F1: Kosten bei 500 Arbeitsstunden pro Jahr
A2: Fixe Kosten
A3: Anschaffungswert | B3: 115000 | C3: =B3/10*9/10 -> 10350
A4: Zinssatz | B4: 0.05 | C4: =B3*B4 -> 5750
A5: Unterbringung | B5: 0.01 | C5: =B3*B5 -> 1150
A6: Versicherung 0,5 | B6: 0.005 | C6: =B3*B6 -> 575
A7: Restwert | B7: 0.2 | C7: =B3*B7 -> 23000
A8: Nutzungsdauer | B8: 10 Jahre
A9: Summe Fixe Kosten | C9: =SUM(C3:C6) -> 17825 | E9: =C9/200 -> 89.125 | F9: =C9/500 -> 35.65
A11: Variable Kosten
A12: Treibstoff | D12: 15
A13: Öl | D13: 0.4
A14: Reparatur | D14: 6.2
A16: Summe Variable Kosten pro Stunde | D16: =SUM(D12:D15) -> 21.6
A18: Arbeitskosten des Schleppers pro Stunde ohne Fahrer = Fixkosten pro Stunde zuzüglich Variabler Kosten pro Stunde:
E19: =E9+D16 -> 110.725 | F19: =F9+D16 -> 57.25

Sheet Kosten Herbizidbalken
B1: Berechnung | C1: Kosten pro Jahr | D1: Kosten pro Stunde | E1: Fixe Kosten pro Stunde bei 30 Arbeitsstunden pro Jahr | F1: Fixe Kosten pro Stunde bei 60 Arbeitsstunden pro Jahr
A2: Fixe Kosten
A3: Anschaffungswert | B3: 3500 | C3: =B3/10*9/10 -> 315
A4: Zinssatz | B4: 0.05 | C4: =B3*B4 -> 175
A5: Unterbringung | B5: 0.01 | C5: =B3*B5 -> 35
A6: Versicherung 0,5 | B6: 0.005 | C6: =B3*B6 -> 17.5
A7: Restwert | B7: 0.1
A8: Nutzungsdauer | B8: 10 Jahre
A9: Summe Fixe Kosten | C9: =SUM(C3:C8) -> 542.5 | E9: =C9/30 -> 18.083333 | F9: =C9/60 -> 9.0416667
A11: Variable Kosten
A12: Schmierstoffe/Winterlagerung | D12: 0.05
A13: Reparatur/TüV | D13: 1.2
A15: Summe Variable Kosten pro Stunde | D15: =SUM(D12:D14) -> 1.25
A18: Arbeitskosten des Herbizidbalkens pro Stunde ohne Fahrer = Fixkosten pro Stunde zuzüglich Variabler Kosten pro Stunde: | E18: =E9+D15 -> 19.333333 | F18: =F9+D15 -> 10.291667

Sheet Kosten Stockbürste
B1: Berechnung | C1: Kosten pro Jahr | D1: Kosten pro Stunde | E1: Fixe Kosten pro Stunde bei 30 Arbeitsstunden pro Jahr | F1: Fixe Kosten pro Stunde bei 60 Arbeitsstunden pro Jahr
A2: Fixe Kosten
A3: Anschaffungswert | B3: 3500 | C3: =B3/10*9/10 -> 315
A4: Zinssatz | B4: 0.05 | C4: =B3*B4 -> 175
A5: Unterbringung | B5: 0.01 | C5: =B3*B5 -> 35
A6: Versicherung 0,5 | B6: 0.005 | C6: =B3*B6 -> 17.5
A7: Restwert | B7: 0.1
A8: Nutzungsdauer | B8: 10 Jahre
A9: Summe Fixe Kosten | C9: =SUM(C3:C8) -> 542.5 | E9: =C9/30 -> 18.083333 | F9: =C9/60 -> 9.0416667
A11: Variable Kosten
A12: Schmierstoffe/Winterlagerung | D12: 0.05
A13: Reparatur | D13: 1.2
A15: Summe Variable Kosten pro Stunde | D15: =SUM(D12:D14) -> 1.25
A18: Arbeitskosten der Stockbürste pro Stunde ohne Fahrer = Fixkosten pro Stunde zuzüglich Variabler Kosten pro Stunde: | E18: =E9+D15 -> 19.333333 | F18: =F9+D15 -> 10.291667
